 Dungeon Crawl Stone Soup version 0.20.0-14-g326068f (webtiles) character file.

14165 Laraso the Carver (level 11, 0/79 HPs)
             Began as a Demonspawn Gladiator on June 8, 2017.
             Was a Believer of Qazlal.
             Slain by a blink frog (13 damage)
             ... on level 8 of the Dungeon.
             The game lasted 00:20:49 (13696 turns).

Laraso the Carver (Demonspawn Gladiator)           Turns: 13696, Time: 00:20:49

Health: 0/79       AC: 11    Str: 18    XL:     11   Next: 85%
Magic:  17/17      EV:  8    Int:  9    God:    Qazlal [**....]
Gold:   238        SH: 19    Dex: 20    Spells: 10/10 levels left

rFire    . . .     SeeInvis .   a - +1 demon blade "Quewoex" {freeze, rElec rN+ Dex+3}
rCold    . . .     Gourm    .   u - +0 shield
rNeg     + . .     Faith    .   y - +0 chain mail {rPois}
rPois    +         Spirit   .   (helmet restricted)
rElec    +         Reflect  +   (no cloak)
rCorr    .         Harm     .   (no gloves)
MR       .....                  h - +0 pair of boots
Stlth    +.........             l - +3 amulet of reflection
Regen    0.3/turn               n - +4 ring of slaying
MPRegen  0.2/turn               (no ring)

@: no status effects
A: horns 1, large bone plates 2, nightstalker 2, robust 1, electricity
resistance, strong 1
a: Upheaval, Renounce Religion


You were on level 8 of the Dungeon.
You worshipped Qazlal.
Qazlal was pleased with you.
You were not hungry.

You visited 3 branches of the dungeon, and saw 13 of its levels.

You collected 527 gold pieces.
You spent 289 gold pieces at shops.

Inventory:

Hand Weapons
 a - the +1 demon blade "Quewoex" (weapon) {freeze, rElec rN+ Dex+3}
   (You found it on level 11 of the Dungeon)

   It has been specially enchanted to freeze those struck by it, causing extra
   injury to most foes and up to half again as much damage against particularly
   susceptible opponents.
   It can also slow down cold-blooded creatures.
   It affects your dexterity (+3).
   It insulates you from electricity.
   It protects you from negative energy.
 b - a +0 great sword
Missiles
 d - 3 throwing nets (quivered)
Armour
 h - a +0 pair of boots (worn)
 u - a +0 shield (worn)
 y - a +0 chain mail of poison resistance (worn)
Jewellery
 e - an uncursed ring of poison resistance
 j - an uncursed amulet of rage
 l - a +3 amulet of reflection (around neck)
 n - a +4 ring of slaying (left hand)
 B - an uncursed ring of fire
Wands
 c - a wand of acid (4/15)
 F - a wand of paralysis (15/24)
Scrolls
 g - a scroll of remove curse
 o - 3 scrolls of blinking
 p - 12 scrolls of teleportation
 s - 2 scrolls of enchant weapon
 v - a scroll of enchant armour
 x - 2 scrolls of fog
 D - 3 scrolls of identify
 G - 3 scrolls of recharging
Potions
 i - 3 potions of resistance
 k - 4 potions of brilliance
 q - 2 potions of haste
 r - a potion of curing
 w - 2 potions of flight
 A - a potion of might
 E - a potion of heal wounds
Miscellaneous
 C - a phantom mirror
Comestibles
 f - 13 bread rations
 m - 3 meat rations
 t - 7 fruits
 z - 3 royal jellies
 H - 17 chunks of flesh


   Skills:
 - Level 2.0 Fighting
 - Level 14.3 Long Blades
 - Level 1.7 Throwing
 * Level 5.5 Armour
 * Level 6.4 Dodging
 - Level 8.1 Invocations


You had 10 spell levels left.
You didn't know any spells.

Dungeon Overview and Level Annotations

Branches:
Dungeon (11/15)            Temple (1/1) D:5            Lair (1/6) D:8
    Orc (0/2) D:10

Altars:
Ashenzari
Cheibriados
Dithmenos
Elyvilon
Fedhas
Gozag
Hepliaklqana
Kikubaaqudgha
Makhleb
Nemelex Xobeh
Okawaru
Qazlal
Ru
Sif Muna
Trog
Uskayaw
Vehumet
Xom
Yredelemnul
Zin
The Shining One

Shops:
D:8 %=(   D:10 *


Innate Abilities, Weirdness & Mutations

You have a pair of small horns on your head.
You are mostly covered in large bone plates. (SH +6)
You are significantly more attuned to the shadows.
You are robust. (+10% HP)
You are resistant to electric shocks. (rElec)
Your muscles are strong. (Str +2)


Message History

H - 17 chunks of flesh (gained 2)
You hear a loud, deep croak!
A blink frog comes into view.
You see here 19 gold pieces.
There isn't anything to butcher here.
You are too injured to fight recklessly!
You are too injured to fight recklessly!
You miss the blink frog.
The blink frog hits you but does no damage.
You hit the blink frog. You freeze the blink frog.
The blink frog is lightly wounded.
You block the blink frog's attack.
You miss the blink frog. Your headbutt misses the blink frog.
The blink frog is lightly wounded.
The blink frog hits you.
* * * LOW HITPOINT WARNING * * *
You closely miss the blink frog.
You headbutt the blink frog, but do no damage.
The blink frog is lightly wounded.
You block the blink frog's attack.
A blink frog comes into view.
A blink frog comes into view.
The blink frog gives a loud, deep croak!
You block the blink frog's attack.
The blink frog is engulfed in freezing vapours.
The blink frog seems to slow down.
The blink frog hits you!
* * * LOW HITPOINT WARNING * * *
The blink frog blinks!
You block the blink frog's attack.
Found a stone staircase leading down.
You block the blink frog's attack.
The blink frog blinks!
The blink frog blinks!
You block the blink frog's attack.
There is a staircase back to the Dungeon, spattered with blood here.
You block the blink frog's attack. x2
You climb upwards.
Welcome back to the Dungeon!
There is a staircase to the Lair here.
You hit the blink frog. You freeze the blink frog.
Your headbutt misses the blink frog.
The blink frog is lightly wounded.
The blink frog is engulfed in freezing vapours.
The blink frog hits you but does no damage.
You closely miss the blink frog. You headbutt the blink frog!
The blink frog is severely wounded.
The blink frog is engulfed in freezing vapours.
The blink frog hits you!
* * * LOW HITPOINT WARNING * * *
The blink frog blinks!
The blink frog hits you!
* * * LOW HITPOINT WARNING * * *
You slash the blink frog! You freeze the blink frog.
The blink frog is almost dead.
The blink frog is no longer moving slowly.
The blink frog hits you!
* * * LOW HITPOINT WARNING * * *
You slash the blink frog! You freeze the blink frog.
You kill the blink frog!
Qazlal accepts your kill.
You hit the blink frog.
The blink frog seems to slow down.
You freeze the blink frog. Your headbutt misses the blink frog.
The blink frog is almost dead.
The blink frog hits you!
You die...

#.......############# #.#
##.##.##.####......# #.#
...##.........####.######.#
#..#####.####.............#
#..#####.# #.####.########
......<..# #.####.#
.(.....### #......#
......># ###F#### .......#
#.@# .......# #### .......#
.......# ###.#### ......#
.##.#.# .#..#.# .#.##.#


You could see a blink frog.

Vanquished Creatures
  3 two-headed ogres
  Nergalle (D:11)
  Pikel (D:6)
  2 ugly things (D:11)
  A manticore (D:11)
  A rime drake (Lair:1)
  A komodo dragon (Lair:1)
  A troll (D:9)
  Prince Ribbit (D:7)
  A blink frog (D:8)
  2 hippogriffs
  Sigmund (D:3)
  A spriggan (D:10)
  2 wyverns (D:8)
  Eustachio (D:4)
  8 yaks (D:9)
  A hungry ghost (D:8)
  Menkaure (D:7)
  4 wargs (D:10)
  A water moccasin (Lair:1)
  A slave (D:5)
  5 orc warriors
  2 black bears
  2 phantoms
  3 sky beasts
  4 ice beasts
  6 ogres
  2 necrophages
  4 wolves (Lair:1)
  4 centaurs
  7 bullfrogs
  A wyvern zombie (D:8)
  A water moccasin skeleton (D:7)
  2 scorpions
  5 howler monkeys
  An electric eel (D:10)
  6 jellies
  5 crimson imps
  2 quasits
  A centaur zombie (D:8)
  2 centaur skeletons
  10 hounds
  6 orc priests
  9 orc wizards
  Jessica (D:2)
  Natasha (thrice) (D:3 D:4)
  3 iguanas
  15 worker ants
  A killer bee zombie (D:10)
  Robin (D:3)
  3 worker ant zombies
  7 adders
  3 gnolls (D:5)
  5 shadow imps
  2 adder skeletons
  4 worms
  A dart slug (D:2)
  4 leopard geckos
  36 orcs
  5 giant cockroaches
  21 goblins
  5 hobgoblins
  3 jackals (D:10)
  2 kobolds
  10 quokkas
  4 ball pythons
  6 bats
  6 frilled lizards
  2 leopard gecko skeletons
  A leopard gecko zombie (D:5)
  4 rats
284 creatures vanquished.

Vanquished Creatures (others)
  A bullfrog skeleton (D:6)
  An orc priest (D:6)
  A worker ant (D:6)
  A shadow imp (D:6)
4 creatures vanquished.

Grand Total: 288 creatures vanquished

Notes
Turn   | Place    | Note
-------+----------+-------------------------------------------
     0 | D:1      | Laraso the Demonspawn Gladiator began the quest for the Orb.
     0 | D:1      | Reached XP level 1. HP: 16/16 MP: 1/1
   397 | D:1      | Reached skill level 3 in Long Blades
   520 | D:1      | Gained mutation: You are partially covered in large bone plates. (SH +4) [demonic ancestry]
   520 | D:1      | Reached XP level 2. HP: 22/22 MP: 2/2
   887 | D:2      | Reached XP level 3. HP: 27/27 MP: 3/3
   891 | D:2      | Noticed Jessica
   893 | D:2      | Killed Jessica
   893 | D:2      | Reached skill level 4 in Long Blades
   997 | D:2      | Gained mutation: You are slightly more attuned to the shadows. [demonic ancestry]
   997 | D:2      | Reached XP level 4. HP: 24/33 MP: 4/4
  1488 | D:3      | Noticed Natasha
  1495 | D:3      | Killed Natasha
  1495 | D:3      | Reached skill level 5 in Long Blades
  1497 | D:3      | Noticed Robin
  1504 | D:3      | Gained mutation: You have a pair of small horns on your head. [demonic ancestry]
  1504 | D:3      | Reached XP level 5. HP: 38/38 MP: 5/5
  1645 | D:3      | Killed Robin
  1877 | D:3      | Gained mutation: Your muscles are strong. (Str +2) [potion of mutation]
  1877 | D:3      | Gained mutation: You are robust. (+10% HP) [potion of mutation]
  1877 | D:3      | Gained mutation: You are resistant to electric shocks. (rElec) [potion of mutation]
  1912 | D:3      | Found a stormy altar of Qazlal.
  1992 | D:3      | Noticed Sigmund
  2007 | D:3      | Killed Sigmund
  2007 | D:3      | Reached skill level 6 in Long Blades
  2007 | D:3      | Reached XP level 6. HP: 42/48 MP: 6/6
  2317 | D:4      | Noticed Eustachio
  2330 | D:4      | Killed Eustachio
  2330 | D:4      | Reached skill level 7 in Long Blades
  2330 | D:4      | Gained mutation: You are mostly covered in large bone plates. (SH +6) [demonic ancestry]
  2330 | D:4      | Reached XP level 7. HP: 36/55 MP: 7/7
  2486 | D:4      | Noticed Natasha
  2490 | D:4      | Killed Natasha
  2634 | D:4      | Found a radiant altar of Vehumet.
  2634 | D:4      | Found a glowing silver altar of Zin.
  2860 | D:4      | Noticed Natasha
  2866 | D:4      | Killed Natasha
  2993 | D:5      | Entered Level 5 of the Dungeon
  3538 | D:5      | Found a staircase to the Ecumenical Temple.
  3674 | D:5      | Reached skill level 8 in Long Blades
  4073 | D:5      | HP: 17/55 [ogre/giant spiked club (24)]
  4341 | Temple   | Entered the Ecumenical Temple
  4489 | D:3      | Became a worshipper of Qazlal Stormbringer
  4757 | D:6      | Found an ancient bone altar of Kikubaaqudgha.
  4758 | D:6      | Found a sparkling altar of Nemelex Xobeh.
  4758 | D:6      | Found a deep blue altar of Sif Muna.
  4799 | D:6      | Found a hazy altar of Hepliaklqana.
  4800 | D:6      | Found a shimmering altar of Xom.
  4806 | D:6      | Noticed Pikel
  4885 | D:5      | Reached skill level 9 in Long Blades
  4885 | D:5      | Reached XP level 8. HP: 58/61 MP: 8/8
  5762 | D:6      | Killed Pikel
  5762 | D:6      | Reached skill level 10 in Long Blades
  6178 | D:7      | Reached skill level 11 in Long Blades
  6178 | D:7      | Gained mutation: You are significantly more attuned to the shadows. [demonic ancestry]
  6178 | D:7      | Reached XP level 9. HP: 62/66 MP: 9/9
  6275 | D:7      | Noticed Menkaure
  6280 | D:7      | Killed Menkaure
  6372 | D:7      | HP: 24/66 [orc warrior/trident (4)]
  7190 | D:7      | Reached * piety under Qazlal
  7206 | D:7      | Noticed Prince Ribbit
  7212 | D:7      | Killed Prince Ribbit
  7461 | D:7      | Reached skill level 12 in Long Blades
  7972 | D:8      | Found Vopu's Food Shop.
  8181 | D:8      | Found Laxzad's Antique Weapon Shoppe.
  8224 | D:8      | Reached skill level 13 in Long Blades
  8244 | D:8      | Reached XP level 10. HP: 41/72 MP: 10/10
  8331 | D:8      | Found Kewyleimn's Jewellery Emporium.
  8347 | D:8      | Noticed a two-headed ogre
  8357 | D:8      | Killed a two-headed ogre
  8392 | D:8      | Reached ** piety under Qazlal
  8457 | D:8      | Noticed a two-headed ogre
  8466 | D:8      | Killed a two-headed ogre
  8466 | D:8      | Reached skill level 14 in Long Blades
  8589 | D:8      | HP: 14/72 [wyvern (15)]
  8590 | D:8      | Reached skill level 2 in Invocations
  8843 | D:8      | Reached skill level 3 in Invocations
  8861 | D:8      | Bought a great sword for 169 gold pieces
  8986 | D:8      | Reached skill level 4 in Invocations
  9029 | D:8      | Found a staircase to the Lair.
  9487 | D:9      | Reached skill level 5 in Invocations
  9500 | D:9      | HP: 23/72 [orc warrior/trident (15)]
  9760 | D:9      | Reached skill level 6 in Invocations
  9792 | D:9      | Reached skill level 7 in Invocations
 10033 | D:9      | Reached skill level 8 in Invocations
 10283 | D:9      | Reached skill level 3 in Dodging
 10283 | D:9      | Reached XP level 11. HP: 42/78 MP: 17/17
 10283 | D:9      | HP: 30/78 [suicidal targeting (12)]
 10476 | D:9      | Reached skill level 1 in Armour
 10682 | D:9      | Reached skill level 2 in Armour
 10692 | D:10     | Entered Level 10 of the Dungeon
 10749 | D:10     | Found a staircase to the Orcish Mines.
 10757 | D:10     | Reached skill level 4 in Dodging
 11125 | D:10     | Reached skill level 3 in Armour
 11396 | D:10     | Found Zashouch's General Store.
 11401 | D:10     | Bought a scroll of blinking for 120 gold pieces
 11682 | D:11     | Noticed a white ugly thing
 11691 | D:11     | Killed a white ugly thing
 11873 | D:11     | HP: 29/79 [orc priest/divine providence (15)]
 11881 | D:10     | HP: 28/79 [orc warrior/mace (3)]
 12131 | D:11     | Noticed Nergalle
 12135 | D:11     | HP: 31/79 [Nergalle/bolt of negative energy (48)]
 12350 | D:11     | Killed Nergalle
 12350 | D:11     | Reached skill level 4 in Armour
 12350 | D:11     | Reached skill level 5 in Dodging
 12351 | D:11     | Noticed a two-headed ogre
 12784 | D:10     | Killed a two-headed ogre
 13057 | D:11     | Noticed a purple ugly thing
 13067 | D:11     | Killed a purple ugly thing
 13123 | D:11     | Found a shattered altar of Ashenzari.
 13402 | D:11     | Found a shimmering altar of Xom.
 13406 | D:11     | Got a blackened demon blade
 13407 | D:11     | Identified the +1 demon blade "Quewoex" {freeze, rElec rN+ Dex+3} (You found it on level 11 of the Dungeon)
 13593 | Lair:1   | Entered Level 1 of the Lair of Beasts
 13601 | Lair:1   | Reached skill level 6 in Dodging
 13602 | Lair:1   | Reached skill level 5 in Armour
 13691 | D:8      | HP: 29/79 [blink frog (8)]
 13692 | D:8      | HP: 12/79 [blink frog (9)]
 13696 | D:8      | Slain by a blink frog

Skill      XL: |  1  2  3  4  5  6  7  8  9 10 11 |
---------------+----------------------------------+-----
Long Blades    | 3 4 5 6 7 9 11 13 14 | 14.3
Invocations    | 8 |  8.1
Dodging        | 3 6 |  6.4
Armour         | 5 |  5.5
Fighting       | |  2.0
Throwing       | |  1.7

Action                   |  1- 3 |  4- 6 |  7- 9 | 10-12 || total
-------------------------+-------+-------+-------+-------++-------
Melee: Long sword        |    63 |    87 |   151 |    70 ||   371
       Headbutt          |       |    12 |    36 |   102 ||   150
       Great sword       |       |       |       |   252 ||   252
       Demon blade       |       |       |       |    47 ||    47
 Fire: Hunting sling     |       |       |   269 |       ||   269
Invok: Upheaval          |       |       |       |    11 ||    11
 Abil: Evoke Berserk Rag |       |     3 |       |     1 ||     4
Evoke: Wand              |       |       |       |     2 ||     2
  Use: Scroll            |     6 |     4 |     7 |     5 ||    22
       Potion            |     2 |     2 |     3 |     1 ||     8
 Stab: Sleeping          |       |     2 |     1 |       ||     3
  Eat: Chunk             |       |     8 |    14 |    17 ||    39
       Meat ration       |       |       |     1 |       ||     1
       Royal jelly       |       |       |       |     1 ||     1
Armor: Ring mail         |    27 |    46 |    34 |       ||   107
       Leather armour    |     1 |       |       |       ||     1
       Chain mail        |       |       |    33 |    97 ||   130
Dodge: Dodged            |    33 |    79 |    58 |    69 ||   239
Block: Other             |     7 |    32 |     1 |   113 ||   153
       Shield            |       |       |   205 |    89 ||   294
       Buckler           |       |       |     7 |       ||     7
       Reflection        |       |       |       |     1 ||     1
       Rpst.: Long sword |    13 |    28 |     6 |     1 ||    48
       Great sword       |       |       |       |    19 ||    19

Table legend:
 A = Kills in this place as a percentage of kills in entire the game.
 B = Kills by you in this place as a percentage of kills by you in the entire game.
 C = Kills by friends in this place as a percentage of kills by friends in the entire game.
 D = Other kills in this place as a percentage of other kills in the entire game.
 E = Experience gained in this place as a percentage of experience gained in the entire game.
 F = Experience gained in this place divided by the number of levels of this place that you have seen.
                   A       B       C       D       E      F
               +-------+-------+-------+-------+-------+----------------------
         Total | 100.0 | 100.0 |  -nan |  -nan | 100.0 | 1556.6
       Dungeon |  96.8 |  96.8 |  -nan |  -nan |  92.4 | 1700.2
          Lair |   3.2 |   3.2 |  -nan |  -nan |   7.6 | 1534.0
               +-------+-------+-------+-------+-------+----------------------

Table legend:
 A = Turns spent in this place as a percentage of turns spent in the entire game.
 B = Non-inter-level travel turns spent in this place as a percentage of non-inter-level travel turns spent in the entire game.
 C = Inter-level travel turns spent in this place as a percentage of turns spent in this place.
 D = Turns resting spent in this place as a percentage of non-inter-level travel turns spent in this place.
 E = Turns spent auto-exploring this place as a percentage of non-inter-level travel turns spent in this place.
 F = Non-inter-level travel turns spent in this place divided by the number of levels of this place that you've seen.
                   A       B       C       D       E      F
               +-------+-------+-------+-------+-------+----------------------
         Total | 100.0 | 100.0 |   0.9 |   5.6 |  10.4 | 282.8
       Dungeon |  97.3 |  97.3 |   0.9 |   5.7 |  10.3 | 325.3
        Temple |   0.7 |   0.7 |   3.7 |   0.0 |  53.8 |  26.0
          Lair |   1.9 |   2.0 |   0.0 |   2.8 |   0.0 |  72.0
               +-------+-------+-------+-------+-------+----------------------

Vault maps used:
D:1:      eino_arrival_tree_alley
D:2:      uniq_jessica
D:3:      grunt_qazlal_sundering, st_stairs_3, minivault_4, uniq_robin,
          uniq_sigmund, uniq_natasha
D:4:      gammafunk_temple_overflow_elements, first_bread, uniq_eustachio
D:5:      minmay_temple_entry_statues_pillars, kennysheep_generic_room_6
D:6:      grunt_temple_overflow_open, uniq_pikel
D:7:      uniq_menkaure, uniq_prince_ribbit1
D:8:      cheibrodos_fzero, lair_entry_dummy, serial_shops, shop, shop, shop
D:10:     minmay_orc_entry_guard_dogs, serial_shops, kennysheep_mini, the_bakery
D:11:     basic_altar, evilmike_ruin_ashenzari, uniq_nergalle
Temple:   nicolae_temple_god_jail
Lair:1:   serial_bayou_lagoon_b
